 Dungeon Crawl Stone Soup version 0.27-a0-488-g88baaf19db (webtiles) character file.

Game seed: 7063344417916350092

6 Klosterheim the Stinger (level 1, 0/15 HPs)
             Began as a Naga Venom Mage on Mar 1, 2021.
             Slain by a kobold (2 damage)
             ... on level 1 of the Dungeon.
             The game lasted 00:01:14 (352 turns).

Klosterheim the Stinger (Naga Venom Mage)            Turns: 352, Time: 00:01:16

Health: 0/15       AC:  1    Str: 10    XL:     1   Next: 90%
Magic:  0/3        EV: 10    Int: 15    God:
Gold:   0          SH:  0    Dex: 11    Spells: 3/4 levels left

rFire    . . .     SeeInvis +   (no weapon)
rCold    . . .     Faith    .   (no shield)
rNeg     . . .     Spirit   .   a - +0 robe
rPois    +         Reflect  .   (no helmet)
rElec    .         Harm     .   (no cloak)
rCorr    .         Rampage  .   (no gloves)
Will     .....                  (no barding)
Stlth    ++........             (no amulet)
HPRegen  0.05/turn              (no ring)
MPRegen  0.08/turn              (no ring)

@: very slow
A: large, see invisible, deformed body, poison resistance, slowness 2, spit
poison 1, AC +0
a: Spit Poison


You were on level 1 of the Dungeon.
You visited 1 branch of the dungeon, and saw 1 of its levels.

Inventory:

Armour
 a - a +0 robe (worn)


   Skills:
 + Level 1.8 Dodging
 - Level 3.0 Stealth
 - Level 2.0 Spellcasting
 - Level 1.0 Transmutations
 + Level 4.3 Poison Magic


You had 3 spell levels left.
You knew the following spells:

 Your Spells              Type           Power        Failure   Level
a - Sting                 Tmut/Pois      36%          8%          1

Your spell library contained the following spells:

 Spells                   Type           Power        Failure   Level
 Poisonous Vapours        Pois/Air       14%          14%         2
 Ignite Poison            Fire/Tmut/Pois 6%           32%         3
 Mephitic Cloud           Conj/Pois/Air  5%           36%         3
 Olgreb's Toxic Radiance  Pois           14%          36%         4


Dungeon Overview and Level Annotations

Branches:
Dungeon (1/15)

Altars:


Innate Abilities, Weirdness & Mutations

You cannot wear boots.
Your serpentine skin is tough. (AC +0)
You have supernaturally acute eyesight. (SInv)
Armour fits poorly on your strangely shaped body.
Your system is resistant to poisons. (rPois)
You cover ground very slowly.
You can spit poison.


Message History

The hobgoblin is lightly wounded.
The hobgoblin hits you.
You hit the hobgoblin.
The hobgoblin is moderately wounded.
The hobgoblin hits you.
* * * LOW HITPOINT WARNING * * *
Casting: Sting (safe; 8% risk of failure)
Confirm with . or Enter, or press ? or * to list all spells.
Aiming: Sting (safe; 8% risk of failure)
Press: ? - help, Shift-Dir - straight line, f/p - hobgoblin
Aim: a hobgoblin (moderately wounded, very poisoned, 32% to evade)
The sting misses the hobgoblin.
The hobgoblin barely misses you.
Unknown command.
As you read the scroll labelled VUREOP GIARYM LUD, it crumbles to dust.
It is a scroll of identify.
You don't have any unidentified items.
The hobgoblin barely misses you.
Press: ? - help, Shift-Dir - straight line, f/p - hobgoblin
Aim: a hobgoblin (almost dead, very poisoned)
The splash of poison hits the hobgoblin.
You kill the hobgoblin!
You barely miss the kobold. The kobold closely misses you.
You closely miss the kobold. The kobold hits you.
* * * LOW HITPOINT WARNING * * *
You miss the kobold. The kobold closely misses you.
You hit the kobold but do no damage. The kobold hits you.
* * * LOW HITPOINT WARNING * * *
You barely miss the kobold. The kobold closely misses you.
You closely miss the kobold.
You have got your breath back.
The kobold hits you but does no damage.
Casting: Sting (safe; 8% risk of failure)
Confirm with . or Enter, or press ? or * to list all spells.
Aiming: Sting (safe; 8% risk of failure)
Press: ? - help, Shift-Dir - straight line, f - kobold
Aim: a kobold, quivering stones (40% to evade)
The sting hits the kobold.
The kobold is poisoned.
The kobold is moderately wounded.
The kobold hits you.
You die...

#..........# #..........#
#..........# #..........#
#..........# #..........#
#.##.####### ### #.##.# #..
#@##.###########.#
###########K##.............#
#........##w#..#######.#####
#.(.........#....####...####
#.....w..#####.....#..≈..#..
#........# #8..≈....≈....≈
....)......# ##...≈..≈≈≈..≈.
....####.###
##.....≈≈≈≈≈≈≈.. .... ..#
#....≈≈≈≈...≈≈≈≈


You could see a dart slug and a kobold (poisoned).

Vanquished Creatures
  A hobgoblin (D:1)
  3 jackals (D:1)
  A goblin (D:1)
5 creatures vanquished.

Notes
Turn   | Place    | Note
-------+----------+-------------------------------------------
     0 | D:1      | Klosterheim the Naga Venom Mage began the quest for the
                  | Orb.
     0 | D:1      | Reached XP level 1. HP: 15/15 MP: 3/3
   352 | D:1      | Slain by a kobold

Illustrated notes

Levels and vault maps discovered:
D:1:      eino_arrival_water_star, layout_basic

Action                   || total
-------------------------++-------
Melee: Unarmed           ||    16
 Cast: Sting             ||     9
 Abil: Spit Poison       ||     1
  Use: Scroll            ||     1
Armor: Robe              ||     2
Dodge: Dodged            ||    17

Table legend: (Time is in decaauts)
 A = Elapsed time spent in this place.
 B = Non-inter-level travel time spent in this place.
 C = Inter-level travel time spent in this place.
 D = Time resting spent in this place.
 E = Time spent auto-exploring this place.
 F = Levels seen in this place.
 G = Mean time per level.
                   A        B        C        D        E       F      G
               +--------+--------+--------+--------+--------+-----+--------+
         Total |    406 |    406 |      0 |    202 |    135 |   1 |  406.0 |
       Dungeon |    406 |    406 |      0 |    202 |    135 |   1 |  406.0 |
               +--------+--------+--------+--------+--------+-----+--------+

Top non-repeatable levels by time:
     D:1: 406 daAuts
